[Event "28th Hit Open-A 2024"]
[Site "Nova Gorica"]
[Date "2024.02.01"]
[Round "8.2"]
[White "Sebenik, Matej"]
[Black "Berkes, Ferenc"]
[Result "1/2-1/2"]
[ECO "D13"]
[WhiteElo "2536"]
[BlackElo "2613"]
[Annotator "ChessBase"]
[PlyCount "24"]
[EventDate "2024.01.22"]
[EventType "swiss"]
[EventCountry "SLO"]
[SourceTitle "playchess.com"]
[Source "ChessBase"]
[SourceQuality "1"]
[TimeControl "5400+30"]

1. d4 d5 2. c4 c6 3. cxd5 cxd5 4. Bf4 Nc6 5. e3 Nf6 6. Nc3 a6 7. Rc1 Bf5 8. Nf3 e6 9. Qb3 Bb4 10. Ne5 Bxc3+ 11. bxc3 Nxe5 12. Bxe5 O-O 1/2-1/2

[Event "28th Hit Open-A 2024"]
[Site "Nova Gorica"]
[Date "2024.02.01"]
[Round "8.3"]
[White "Csonka, Balazs"]
[Black "Gaal, Zsoka"]
[Result "0-1"]
[ECO "A17"]
[WhiteElo "2479"]
[BlackElo "2341"]
[Annotator "ChessBase"]
[PlyCount "74"]
[EventDate "2024.01.22"]
[EventType "swiss"]
[EventCountry "SLO"]
[SourceTitle "playchess.com"]
[Source "ChessBase"]
[SourceQuality "1"]
[TimeControl "5400+30"]

1. Nf3 Nf6 2. c4 e6 3. Nc3 Bb4 4. Qc2 O-O 5. a3 Bxc3 6. Qxc3 d6 7. b4 e5 8. Bb2 Nbd7 9. d3 b6 10. e3 Bb7 11. Be2 Re8 12. O-O a5 13. d4 e4 14. Nd2 Qe7 15. Rfc1 c5 16. bxc5 bxc5 17. Rab1 a4 18. Qc2 cxd4 19. Bxd4 Nc5 20. Qc3 Bc6 21. Rb6 Rec8 22. Bxf6 gxf6 23. Bg4 Bd7 24. Bxd7 Nxd7 25. Rb7 f5 26. Qd4 Qe6 27. h4 Ra6 28. Rcb1 Rac6 29. R1b4 Ne5 30. Rxa4 Qf6 31. f4 exf3 32. gxf3 Rxc4 33. Rxc4 Rxc4 34. Qxc4 Nxc4 35. Nxc4 Qxh4 36. Nd2 Qg3+ 37. Kf1 h5 0-1

[Event "28th Hit Open-A 2024"]
[Site "Nova Gorica"]
[Date "2024.02.01"]
[Round "8.4"]
[White "Perossa, Nicolas"]
[Black "Beliavsky, Alexander G"]
[Result "1/2-1/2"]
[ECO "C55"]
[WhiteElo "2277"]
[BlackElo "2475"]
[Annotator "ChessBase"]
[PlyCount "102"]
[EventDate "2024.01.22"]
[EventType "swiss"]
[EventCountry "SLO"]
[SourceTitle "playchess.com"]
[Source "ChessBase"]
[SourceQuality "1"]
[TimeControl "5400+30"]

1. e4 e5 2. Nf3 Nc6 3. Bc4 Nf6 4. d3 Be7 5. O-O O-O 6. Re1 d6 7. a4 Be6 8. a5 Bxc4 9. dxc4 Nb8 10. Nc3 c6 11. Qe2 Na6 12. Rd1 Qc7 13. Nd2 Nd7 14. Nf1 Ndc5 15. Ng3 Rfe8 16. Be3 g6 17. Qg4 Qc8 18. Qf3 Ne6 19. h4 Bxh4 20. Nf5 gxf5 21. exf5 Ng7 22. Qg4 Bxf2+ 23. Bxf2 Qxf5 24. Qh4 Re6 25. Ne4 Qg6 26. Ra3 Nf5 27. Qh3 Kh8 28. Rf3 Nh6 29. Qh4 f5 30. Ng5 Rg8 31. Qxh6 Qxg5 32. Qxg5 Rxg5 33. Rb3 Rg7 34. Bxa7 f4 35. Rbd3 Rgg6 36. Rb3 Re7 37. Rbd3 Rd7 38. c3 c5 39. Rd5 f3 40. Rxe5 Rxg2+ 41. Kf1 Rxb2 42. Rf5 f2 43. Bxc5 Nxc5 44. Rxc5 Rc2 45. Rf5 Rc7 46. Rxd6 Rxc3 47. Rg5 Rc8 48. Kxf2 R3xc4 49. Rd7 Rc2+ 50. Ke3 R8c3+ 51. Ke4 Rc4+ 1/2-1/2

[Event "28th Hit Open-A 2024"]
[Site "Nova Gorica"]
[Date "2024.02.01"]
[Round "8.5"]
[White "Doric, Darko"]
[Black "Bodrogi, Bendeguz"]
[Result "1/2-1/2"]
[ECO "D31"]
[WhiteElo "2456"]
[BlackElo "2261"]
[Annotator "ChessBase"]
[PlyCount "57"]
[EventDate "2024.01.22"]
[EventType "swiss"]
[EventCountry "SLO"]
[SourceTitle "playchess.com"]
[Source "ChessBase"]
[SourceQuality "1"]
[TimeControl "5400+30"]

1. d4 d5 2. c4 e6 3. Nc3 a6 4. cxd5 exd5 5. Qb3 c5 6. Qxd5 cxd4 7. Qxd8+ Kxd8 8. Nd5 Be6 9. Nf4 Bb4+ 10. Bd2 Bxd2+ 11. Kxd2 Nc6 12. g3 Nf6 13. Bg2 Ke7 14. Ngh3 Rac8 15. Rhc1 Bf5 16. Rc5 Be4 17. f3 Nd7 18. Rcc1 Bf5 19. Nf2 f6 20. Nd5+ Kd6 21. e4 dxe3+ 22. Nxe3 Be6 23. f4 Rhd8 24. Bxc6 Rxc6 25. Rxc6+ Kxc6 26. Rc1+ Kb6 27. a3 Nc5+ 28. Ke2 Nb3 29. Rd1 1/2-1/2

[Event "28th Hit Open-A 2024"]
[Site "Nova Gorica"]
[Date "2024.02.01"]
[Round "8.6"]
[White "Cvitan, Ognjen"]
[Black "Djuric, Stefan"]
[Result "1/2-1/2"]
[ECO "A39"]
[WhiteElo "2422"]
[BlackElo "2220"]
[Annotator "ChessBase"]
[PlyCount "33"]
[EventDate "2024.01.22"]
[EventType "swiss"]
[EventCountry "SLO"]
[SourceTitle "playchess.com"]
[Source "ChessBase"]
[SourceQuality "1"]
[TimeControl "5400+30"]

1. c4 c5 2. Nf3 Nf6 3. Nc3 Nc6 4. g3 g6 5. Bg2 Bg7 6. O-O O-O 7. d4 cxd4 8. Nxd4 Nxd4 9. Qxd4 d6 10. Qd3 a6 11. Rd1 Nd7 12. b3 Rb8 13. Bg5 h6 14. Be3 b5 15. cxb5 axb5 16. Rac1 b4 17. Na4 1/2-1/2

[Event "28th Hit Open-A 2024"]
[Site "Nova Gorica"]
[Date "2024.02.01"]
[Round "8.7"]
[White "Fercec, Nenad"]
[Black "Skrbec, Leon"]
[Result "1/2-1/2"]
[ECO "B12"]
[WhiteElo "2410"]
[BlackElo "2218"]
[Annotator "ChessBase"]
[PlyCount "61"]
[EventDate "2024.01.22"]
[EventType "swiss"]
[EventCountry "SLO"]
[SourceTitle "playchess.com"]
[Source "ChessBase"]
[SourceQuality "1"]
[TimeControl "5400+30"]

1. e4 c6 2. d4 d5 3. e5 Bf5 4. Nd2 e6 5. Nb3 Nd7 6. Nf3 Qc7 7. Be2 c5 8. Nxc5 Nxc5 9. dxc5 Bxc5 10. Bb5+ Kf8 11. O-O a6 12. Bd3 Ne7 13. Bxf5 Nxf5 14. Qd3 Rc8 15. Bd2 h6 16. b3 g5 17. h3 Ng3 18. Rfe1 Ne4 19. Rxe4 dxe4 20. Qxe4 Qc6 21. Qg4 Be7 22. Nd4 Qd5 23. c4 Qxe5 24. Bc3 Rg8 25. Re1 Qd6 26. Qf3 Rg6 27. Qxb7 Rb8 28. Qf3 Rc8 29. Qb7 Rb8 30. Qf3 Rc8 31. Qb7 1/2-1/2

[Event "28th Hit Open-A 2024"]
[Site "Nova Gorica"]
[Date "2024.02.01"]
[Round "8.8"]
[White "Karacsonyi, Gellert"]
[Black "Gregoric, Andraz"]
[Result "1-0"]
[ECO "C54"]
[WhiteElo "2398"]
[BlackElo "2217"]
[Annotator "ChessBase"]
[PlyCount "77"]
[EventDate "2024.01.22"]
[EventType "swiss"]
[EventCountry "SLO"]
[SourceTitle "playchess.com"]
[Source "ChessBase"]
[SourceQuality "1"]
[TimeControl "5400+30"]

1. e4 e5 2. Nf3 Nc6 3. d4 exd4 4. Bc4 Bc5 5. c3 Nf6 6. e5 d5 7. Bb5 Ne4 8. cxd4 Bb6 9. Nc3 Bg4 10. Be3 O-O 11. h3 Bh5 12. Qc2 Bg6 13. Qb3 Ne7 14. Nh4 c6 15. Nxg6 hxg6 16. Bd3 Nf5 17. Bxe4 dxe4 18. O-O-O Bxd4 19. Kb1 c5 20. g4 Ne7 21. Nxe4 Qa5 22. Bxd4 cxd4 23. f4 Nd5 24. f5 Nf4 25. e6 Qe5 26. exf7+ Kh8 27. Rhe1 gxf5 28. Qg3 fxe4 29. Qh4+ Nh5 30. Rxd4 Rxf7 31. Rdxe4 Qb5 32. Re5 Qd3+ 33. Ka1 Rf1 34. Rxh5+ Kg8 35. Rh8+ Kf7 36. Qh5+ Kf6 37. g5+ Kf5 38. Qf7+ Kxg5 39. Rh5# 1-0

[Event "28th Hit Open-A 2024"]
[Site "Nova Gorica"]
[Date "2024.02.01"]
[Round "8.9"]
[White "Zupancic, Jernej"]
[Black "Kulkarni Bhakti"]
[Result "1/2-1/2"]
[ECO "E14"]
[WhiteElo "2211"]
[BlackElo "2364"]
[Annotator "ChessBase"]
[PlyCount "46"]
[EventDate "2024.01.22"]
[EventType "swiss"]
[EventCountry "SLO"]
[SourceTitle "playchess.com"]
[Source "ChessBase"]
[SourceQuality "1"]
[TimeControl "5400+30"]

1. d4 Nf6 2. c4 e6 3. Nf3 d5 4. e3 b6 5. Nbd2 Bd6 6. Bd3 Bb7 7. b3 Nbd7 8. Bb2 c5 9. O-O O-O 10. Qe2 Ne4 11. Rfd1 cxd4 12. exd4 Nxd2 13. Rxd2 Bf4 14. Rdd1 Qf6 15. Ne5 Qh6 16. g3 Nxe5 17. dxe5 dxc4 18. Bxc4 Qh3 19. Qf1 Qh5 20. Be2 Qf5 21. Bd3 Qh5 22. Be2 Qf5 23. Bd3 Qh5 1/2-1/2

[Event "28th Hit Open-A 2024"]
[Site "Nova Gorica"]
[Date "2024.02.01"]
[Round "8.10"]
[White "Goroshkov, Maksym"]
[Black "Privitera, Franco"]
[Result "1-0"]
[ECO "C00"]
[WhiteElo "2338"]
[BlackElo "1919"]
[Annotator "ChessBase"]
[PlyCount "295"]
[EventDate "2024.01.22"]
[EventType "swiss"]
[EventCountry "SLO"]
[SourceTitle "playchess.com"]
[Source "ChessBase"]
[SourceQuality "1"]
[TimeControl "5400+30"]

1. e4 e6 2. e5 d5 3. exd6 cxd6 4. d4 Nf6 5. Nf3 a6 6. Bd3 Nc6 7. c3 Be7 8. Bf4 Nh5 9. Be3 Nf6 10. h3 b5 11. Bg5 Bd7 12. Bxf6 Bxf6 13. Nbd2 O-O 14. O-O d5 15. Nb3 b4 16. Nc5 Be7 17. cxb4 Nxb4 18. Be2 Bb5 19. Bxb5 axb5 20. Qb3 Nc6 21. Qxb5 Nxd4 22. Nxd4 Rb8 23. Ncxe6 fxe6 24. Qe2 Qb6 25. Qxe6+ Qxe6 26. Nxe6 Rf6 27. Nc7 Rd6 28. Rfe1 Kf7 29. a4 Rxb2 30. Rad1 d4 31. Nb5 Rd5 32. Rd3 Rf5 33. Rf1 Rd5 34. Nxd4 Bf6 35. Rfd1 Ra2 36. Nf3 Rxd3 37. Rxd3 Rxa4 38. g4 h6 39. Kg2 Rb4 40. Nh2 Rb2 41. Nf1 Rb5 42. Ng3 Rb2 43. Ne4 Rc2 44. Kg3 Rc1 45. f4 Rg1+ 46. Kf2 Rc1 47. Rd7+ Be7 48. Rb7 Kf8 49. f5 Rc2+ 50. Kf3 Rh2 51. Kg3 Rc2 52. Kf4 Rc4 53. Ke5 Ra4 54. Kd5 Ra5+ 55. Ke6 Ra6+ 56. Ke5 Ra5+ 57. Kf4 Ra4 58. Rb3 Bd6+ 59. Kf3 Be7 60. Nc3 Ra1 61. Nd5 Bd6 62. Rd3 Ra3 63. Rxa3 Bxa3 64. Ke4 Bb2 65. Nf4 Kf7 66. Ng6 Bf6 67. Ne5+ Ke7 68. Kd5 Bg5 69. Nd3 Bf6 70. Nf4 Bb2 71. Ke4 Kf7 72. Nd3 Ba1 73. Kd5 Kf6 74. Ke4 Kf7 75. Nf4 Bb2 76. Nh5 Ba1 77. Kf3 Bb2 78. Nf4 Ba1 79. Nd5 Be5 80. Ke4 Ba1 81. Kf4 Bb2 82. Kg3 Be5+ 83. Kh4 Bb2 84. Kh5 Be5 85. Ne3 Bf4 86. Ng2 Bd2 87. Nh4 Bc3 88. Nf3 Bb2 89. Nd2 Be5 90. Ne4 Bf4 91. h4 Be5 92. Nd2 Bf4 93. Nf3 Kf6 94. Nd4 Be5 95. Nb3 Bb2 96. Nc5 Kf7 97. Nd3 Bd4 98. Nf4 Be5 99. Nd5 Bb2 100. Nb6 Bd4 101. Nc4 Ba1 102. Na5 Bc3 103. Nc6 Bb2 104. Nd8+ Ke7 105. Ne6 Kf7 106. Nc5 Be5 107. Nb7 Bc7 108. g5 hxg5 109. hxg5 Be5 110. Nd8+ Ke8 111. Nc6 Bc3 112. Kg6 Kf8 113. Nd8 Kg8 114. Ne6 Bb2 115. Nf4 Ba1 116. Nd5 Bb2 117. Ne7+ Kf8 118. Nc6 Kg8 119. Na5 Bc3 120. Nc4 Bd4 121. Nd2 Bc3 122. Nf3 Bb2 123. Ne1 Bc3 124. Nc2 Bb2 125. Nb4 Ba1 126. Nd5 Bb2 127. Ne3 Bd4 128. Ng2 Ba1 129. Nf4 Be5 130. Nd3 Bd4 131. Ne1 Bc3 132. Nf3 Bb2 133. Ng1 Bd4 134. Ne2 Be5 135. Nc1 Bb2 136. Nd3 Bd4 137. Nb4 Bc3 138. Nd5 Be5 139. Ne7+ Kf8 140. Nc6 Bc3 141. Kh7 Bb2 142. Nb4 Bc3 143. Nd5 Be5 144. g6 Bb2 145. f6 Be5 146. f7 Bd6 147. Nb6 Ke7 148. Nc8+ 1-0

[Event "28th Hit Open-A 2024"]
[Site "Nova Gorica"]
[Date "2024.02.01"]
[Round "8.11"]
[White "Kozlovic, Jernej"]
[Black "Ashwath, R.."]
[Result "1/2-1/2"]
[ECO "B31"]
[WhiteElo "2174"]
[BlackElo "2284"]
[Annotator "ChessBase"]
[PlyCount "162"]
[EventDate "2024.01.22"]
[EventType "swiss"]
[EventCountry "SLO"]
[SourceTitle "playchess.com"]
[Source "ChessBase"]
[SourceQuality "1"]
[TimeControl "5400+30"]

1. e4 c5 2. Nf3 Nc6 3. Bb5 g6 4. O-O Bg7 5. Re1 e5 6. Bxc6 dxc6 7. d3 Qe7 8. a3 Nh6 9. Nbd2 Be6 10. b4 O-O 11. bxc5 Qxc5 12. Rb1 b6 13. h3 f6 14. Nb3 Qd6 15. c3 Nf7 16. d4 f5 17. exf5 Bxf5 18. Ra1 Rad8 19. a4 exd4 20. cxd4 Rfe8 21. Rxe8+ Rxe8 22. Be3 Qd5 23. a5 Nd6 24. axb6 axb6 25. Nbd2 Nb5 26. Qa4 Rd8 27. Nc4 Nxd4 28. Nxd4 Bxd4 29. Nxb6 Bxb6 30. Bxb6 Re8 31. Rd1 Qe6 32. Qd4 Qd5 33. Qxd5+ cxd5 34. Rxd5 h5 35. Ra5 Kf7 36. Bc5 Rd8 37. Kh2 Rd3 38. Ra4 Be6 39. Bd4 Bf5 40. Ra7+ Ke8 41. Ra8+ Kf7 42. Be3 Rc3 43. Kg3 Rc4 44. Ra7+ Kf6 45. Ra6+ Kf7 46. Rd6 Ke7 47. Rd1 Kf7 48. Bd4 g5 49. Be3 h4+ 50. Kh2 g4 51. hxg4 Rxg4 52. Ra1 h3 53. g3 Re4 54. Ra6 Rb4 55. Rh6 Kg7 56. Rh5 Kg6 57. Rg5+ Kf6 58. Rg8 Kf7 59. Rh8 Kg7 60. Rh5 Kg6 61. Rh6+ Kg7 62. Rc6 Bg4 63. Bd2 Ra4 64. Bc3+ Kh7 65. Rf6 Ra3 66. Rf4 Be6 67. Bb4 Rb3 68. Bc5 Kg6 69. Be3 Rb1 70. Rd4 Kh5 71. Rh4+ Kg6 72. Rh6+ Kf7 73. Rh5 Bc8 74. Rc5 Be6 75. Rg5 Kf6 76. g4 Re1 77. Kxh3 Rxe3+ 78. fxe3 Kxg5 79. Kg3 Bxg4 80. e4 Bf5 81. exf5 Kxf5 1/2-1/2

[Event "28th Hit Open-A 2024"]
[Site "Nova Gorica"]
[Date "2024.02.01"]
[Round "8.12"]
[White "Lavrencic, Matic"]
[Black "Bazilius, Augustinas"]
[Result "1-0"]
[ECO "B62"]
[WhiteElo "2299"]
[BlackElo "2030"]
[Annotator "ChessBase"]
[PlyCount "73"]
[EventDate "2024.01.22"]
[EventType "swiss"]
[EventCountry "SLO"]
[SourceTitle "playchess.com"]
[Source "ChessBase"]
[SourceQuality "1"]
[TimeControl "5400+30"]

1. e4 c5 2. Nf3 d6 3. d4 cxd4 4. Nxd4 Nf6 5. Nc3 Nc6 6. Bg5 e6 7. Qd3 a6 8. Nxc6 bxc6 9. O-O-O Be7 10. Qg3 e5 11. Be2 Rb8 12. f4 Qb6 13. b3 h6 14. Bxf6 Bxf6 15. f5 Qc5 16. h4 O-O 17. Kb1 Qa3 18. Qf3 d5 19. Ka1 Qc5 20. g4 Rb4 21. Kb2 g5 22. hxg5 Bxg5 23. a3 Rd4 24. Bd3 Rd8 25. Rh5 Be7 26. Ra1 dxe4 27. Bxe4 Bg5 28. Rah1 Rd2 29. Rxg5+ hxg5 30. f6 Qf2 31. Qh3 Qh4 32. Qe3 Qxg4 33. Bh7+ Kf8 34. Bf5 Rxc2+ 35. Bxc2 Kg8 36. Bh7+ Kf8 37. Qc5+ 1-0

[Event "28th Hit Open-A 2024"]
[Site "Nova Gorica"]
[Date "2024.02.01"]
[Round "8.13"]
[White "Kejzar, Petra"]
[Black "Stevanic, David"]
[Result "0-1"]
[ECO "E97"]
[WhiteElo "2025"]
[BlackElo "2294"]
[Annotator "ChessBase"]
[PlyCount "140"]
[EventDate "2024.01.22"]
[EventType "swiss"]
[EventCountry "SLO"]
[SourceTitle "playchess.com"]
[Source "ChessBase"]
[SourceQuality "1"]
[TimeControl "5400+30"]

1. d4 Nf6 2. c4 g6 3. Nc3 Bg7 4. e4 d6 5. Nf3 O-O 6. Be2 e5 7. O-O Nc6 8. h3 exd4 9. Nxd4 Nxe4 10. Nxc6 Nxc3 11. Nxd8 Nxd1 12. Rxd1 Rxd8 13. Bf3 Be6 14. Bg5 Rf8 15. c5 dxc5 16. Be7 Rfe8 17. Bxc5 c6 18. Be3 Red8 19. a3 Rxd1+ 20. Rxd1 Bxb2 21. Rb1 Bxa3 22. Rxb7 c5 23. Rc7 Rc8 24. Rxa7 Bb2 25. Bb7 Rc7 26. Bf4 Rd7 27. Bh6 f5 28. Ra8+ Kf7 29. Bc6 Rc7 30. Rf8+ Ke7 31. Re8+ Kf6 32. Ba4 Bf7 33. Rb8 Bd4 34. Rb6+ Ke5 35. g3 Kd5 36. Bf4 Ra7 37. Bb5 Ra1+ 38. Kg2 Ra2 39. Rd6+ Ke4 40. Bc6+ Kd3 41. Be3 Kc3 42. Bxd4+ cxd4 43. Bf3 Bc4 44. Rc6 d3 45. g4 Ra6 46. Rc7 Rd6 47. gxf5 gxf5 48. Kg3 d2 49. Kf4 d1=Q 50. Bxd1 Rxd1 51. Kxf5 Rd5+ 52. Kg4 h5+ 53. Kf4 Kd4 54. Rg7 Be2 55. Rg1 Rd8 56. Re1 Rf8+ 57. Kg3 Rf3+ 58. Kg2 Kd3 59. Ra1 Rf5 60. Ra3+ Kd2 61. Ra2+ Ke1 62. Ra1+ Bd1 63. f3 h4 64. Rb1 Rg5+ 65. Kh2 Rg3 66. Rb4 Kf2 67. Rd4 Rg2+ 68. Kh1 Bxf3 69. Rd1 Rg3+ 70. Kh2 Bxd1 0-1

[Event "28th Hit Open-A 2024"]
[Site "Nova Gorica"]
[Date "2024.02.01"]
[Round "8.14"]
[White "Furlan, Miha"]
[Black "Dorokhina, Elizaveta"]
[Result "1/2-1/2"]
[ECO "C02"]
[WhiteElo "2287"]
[BlackElo "1994"]
[Annotator "ChessBase"]
[PlyCount "74"]
[EventDate "2024.01.22"]
[EventType "swiss"]
[EventCountry "SLO"]
[SourceTitle "playchess.com"]
[Source "ChessBase"]
[SourceQuality "1"]
[TimeControl "5400+30"]

1. e4 e6 2. d4 d5 3. e5 c5 4. c3 Nc6 5. Nf3 Bd7 6. Be2 Nge7 7. Na3 cxd4 8. cxd4 Nf5 9. Nc2 Be7 10. O-O O-O 11. Bd3 Rc8 12. g4 Nh4 13. Nxh4 Bxh4 14. g5 Bxg5 15. Qh5 h6 16. f4 Be7 17. Kh1 f5 18. Rg1 Kh8 19. Bd2 Be8 20. Qh3 Rg8 21. Rg3 Bf7 22. Rag1 Qf8 23. Bc3 a6 24. Ne3 b5 25. a3 Rb8 26. Nxf5 exf5 27. Bxf5 g5 28. fxg5 Bg6 29. Bxg6 Rxg6 30. Rf1 Qg7 31. Qg2 Rxg5 32. Rxg5 Bxg5 33. Qxd5 Qb7 34. Rf7 Ne7 35. Qxb7 Rxb7 36. d5 Kg8 37. e6 Rb6 1/2-1/2

[Event "28th Hit Open-A 2024"]
[Site "Nova Gorica"]
[Date "2024.02.01"]
[Round "8.15"]
[White "Debevec, Blaz"]
[Black "Drazic, Sinisa"]
[Result "0-1"]
[ECO "B39"]
[WhiteElo "2077"]
[BlackElo "2270"]
[Annotator "ChessBase"]
[PlyCount "110"]
[EventDate "2024.01.22"]
[EventType "swiss"]
[EventCountry "SLO"]
[SourceTitle "playchess.com"]
[Source "ChessBase"]
[SourceQuality "1"]
[TimeControl "5400+30"]

1. e4 c5 2. Nf3 Nc6 3. d4 cxd4 4. Nxd4 g6 5. c4 Bg7 6. Be3 Nf6 7. Nc3 Ng4 8. Qxg4 Nxd4 9. Qd1 Ne6 10. Qd2 Qa5 11. Be2 b6 12. f3 Bb7 13. Rc1 d6 14. b3 g5 15. Nd5 Qxd2+ 16. Kxd2 Kd7 17. h4 h6 18. Rh3 Rhg8 19. hxg5 hxg5 20. Rh5 Be5 21. Rh7 Raf8 22. b4 Nf4 23. Bf1 e6 24. Nxf4 gxf4 25. Bf2 Rh8 26. Rxh8 Rxh8 27. c5 bxc5 28. bxc5 d5 29. Rb1 Kc7 30. exd5 Bxd5 31. Rb4 Bc6 32. Bd3 Rh2 33. Bf1 f6 34. a4 Rh1 35. Bc4 Kd7 36. Rb3 Rh2 37. Bf1 Kc7 38. Rb4 Rh8 39. Bd3 Rg8 40. Bf1 Rd8+ 41. Bd3 a5 42. Rb6 Bxa4 43. Ke2 Bc6 44. Be1 a4 45. Ba5 Rg8 46. Ra6+ Kd7 47. Ra7+ Kc8 48. Be4 Bxe4 49. fxe4 Kb8 50. Rd7 Rxg2+ 51. Kd3 a3 52. Kc4 a2 53. Kb5 Rg8 54. Ka6 a1=Q 55. Rb7+ Kc8 0-1

[Event "28th Hit Open-A 2024"]
[Site "Nova Gorica"]
[Date "2024.02.01"]
[Round "8.16"]
[White "Plaskan, Jure"]
[Black "Zlatanovic, Srdjan"]
[Result "1-0"]
[ECO "C42"]
[WhiteElo "2262"]
[BlackElo "1675"]
[Annotator "ChessBase"]
[PlyCount "69"]
[EventDate "2024.01.22"]
[EventType "swiss"]
[EventCountry "SLO"]
[SourceTitle "playchess.com"]
[Source "ChessBase"]
[SourceQuality "1"]
[TimeControl "5400+30"]

1. e4 e5 2. Nf3 Nf6 3. Nxe5 Nc6 4. Nxc6 dxc6 5. d3 Bc5 6. Be2 Ng4 7. Bxg4 Qh4 8. Qf3 Bxg4 9. Qg3 Qh5 10. f3 Be6 11. Qg5 Qxg5 12. Bxg5 f6 13. Bh4 O-O-O 14. Bf2 Bd6 15. d4 Bc4 16. Nd2 Ba6 17. Be3 g5 18. Kf2 Rhg8 19. g4 h5 20. gxh5 c5 21. c3 cxd4 22. cxd4 c5 23. Rac1 b6 24. b4 Kb8 25. bxc5 bxc5 26. dxc5 Bc7 27. Nc4 f5 28. exf5 Bb7 29. Rhg1 Rd3 30. Nd6 Bc6 31. h6 Rh8 32. Rxg5 Ba5 33. Rb1+ Ka8 34. h7 Bd5 35. Rbg1 1-0

[Event "28th Hit Open-A 2024"]
[Site "Nova Gorica"]
[Date "2024.02.01"]
[Round "8.17"]
[White "Marchesich, Giovanni"]
[Black "Zupancic, Urban"]
[Result "1-0"]
[ECO "B99"]
[WhiteElo "2210"]
[BlackElo "2025"]
[Annotator "ChessBase"]
[PlyCount "97"]
[EventDate "2024.01.22"]
[EventType "swiss"]
[EventCountry "SLO"]
[SourceTitle "playchess.com"]
[Source "ChessBase"]
[SourceQuality "1"]
[TimeControl "5400+30"]

1. e4 c5 2. Nf3 d6 3. d4 cxd4 4. Nxd4 Nf6 5. Nc3 a6 6. Bg5 e6 7. f4 Be7 8. Qf3 Qc7 9. O-O-O Nbd7 10. g4 h6 11. Bxf6 Bxf6 12. h4 g5 13. hxg5 hxg5 14. Rxh8+ Bxh8 15. f5 Ne5 16. Qh3 Bf6 17. Qh5 Kd8 18. Qh6 Qe7 19. Be2 Bd7 20. Kb1 b5 21. fxe6 fxe6 22. Rf1 Bg7 23. Qh7 Kc8 24. Nf3 Bf6 25. Qxe7 Bxe7 26. Nxe5 dxe5 27. Rf7 Kd8 28. Rg7 Rc8 29. Bd3 Ke8 30. Ne2 Kf8 31. Rh7 Re8 32. Ng1 Kg8 33. Rh3 Kg7 34. Nf3 Bf6 35. c3 Rd8 36. Kc2 Bc6 37. a3 Kg6 38. Nd2 Be7 39. Nf3 Bf6 40. Rh5 Be8 41. Kd2 Bc6 42. Ke2 Be8 43. Rh1 Bc6 44. Bc2 Bg7 45. Rd1 Rc8 46. Rd6 Kf6 47. Bb3 Bxe4 48. Rxe6+ Kf7 49. Rc6+ 1-0

[Event "28th Hit Open-A 2024"]
[Site "Nova Gorica"]
[Date "2024.02.01"]
[Round "8.18"]
[White "Pirs, Matjaz"]
[Black "Siraj, Svit"]
[Result "1/2-1/2"]
[ECO "C47"]
[WhiteElo "1965"]
[BlackElo "2182"]
[Annotator "ChessBase"]
[PlyCount "145"]
[EventDate "2024.01.22"]
[EventType "swiss"]
[EventCountry "SLO"]
[SourceTitle "playchess.com"]
[Source "ChessBase"]
[SourceQuality "1"]
[TimeControl "5400+30"]

1. e4 e5 2. Nc3 Nf6 3. Nf3 Nc6 4. d4 exd4 5. Nxd4 Bb4 6. Nxc6 bxc6 7. Bd3 d5 8. exd5 cxd5 9. O-O O-O 10. h3 h6 11. Qf3 c6 12. Bf4 Bd6 13. Rfe1 Rb8 14. Rab1 Bb7 15. Ne2 c5 16. Bxd6 Qxd6 17. Qg3 Qc6 18. c3 Ba6 19. Qf3 Bxd3 20. Qxd3 Qb5 21. Qxb5 Rxb5 22. Ng3 a5 23. Re2 Rfb8 24. b3 c4 25. Reb2 Nd7 26. Nf5 Nc5 27. Nd4 R5b6 28. Kf1 g6 29. f3 Kf8 30. Rd1 cxb3 31. axb3 Nxb3 32. Nxb3 a4 33. Rxd5 a3 34. Rc2 Rxb3 35. Ra5 Rb2 36. Re2 R8b3 37. c4 Rc3 38. c5 Rbb3 39. Kf2 Kg7 40. Kg3 g5 41. Ra2 h5 42. c6 Kg6 43. c7 h4+ 44. Kh2 Rb1 45. R5xa3 Rcc1 46. g4 Rxc7 47. Ra6+ f6 48. f4 gxf4 49. Rf2 Rc3 50. g5 Kxg5 51. Ra5+ f5 52. Ra8 Rbb3 53. Rg8+ Kf6 54. Rf8+ Kg7 55. Rxf5 Rxh3+ 56. Kg2 Rbg3+ 57. Kf1 f3 58. Ke1 Kg6 59. Rf8 Kg7 60. Rf5 Rg2 61. Rxg2+ fxg2 62. Rg5+ Kf6 63. Rxg2 Kf5 64. Kf2 Kf4 65. Rg8 Ra3 66. Kg2 Rc3 67. Rf8+ Kg5 68. Rg8+ Kf6 69. Kh2 Kf7 70. Rg4 h3 71. Rg3 Rxg3 72. Kxg3 h2 73. Kxh2 1/2-1/2

[Event "28th Hit Open-A 2024"]
[Site "Nova Gorica"]
[Date "2024.02.01"]
[Round "8.19"]
[White "Szegedy, Matyas"]
[Black "Budai, Leonardo"]
[Result "1-0"]
[ECO "C97"]
[WhiteElo "2129"]
[BlackElo "1847"]
[Annotator "ChessBase"]
[PlyCount "73"]
[EventDate "2024.01.22"]
[EventType "swiss"]
[EventCountry "SLO"]
[SourceTitle "playchess.com"]
[Source "ChessBase"]
[SourceQuality "1"]
[TimeControl "5400+30"]

1. e4 e5 2. Nf3 Nc6 3. Bb5 a6 4. Ba4 Nf6 5. O-O Be7 6. Re1 b5 7. Bb3 O-O 8. h3 d6 9. c3 Na5 10. Bc2 c5 11. d4 Qc7 12. d5 Nd7 13. b3 Nb6 14. Nbd2 f5 15. exf5 Nxd5 16. Ne4 Nb6 17. Ng3 Nc6 18. Ng5 Bxg5 19. Bxg5 d5 20. a4 bxa4 21. bxa4 a5 22. Rb1 Rb8 23. Rb5 Na7 24. Rb1 Bd7 25. f6 g6 26. h4 Be6 27. h5 e4 28. hxg6 hxg6 29. Nxe4 dxe4 30. Rxe4 Rfd8 31. Qe2 Bc4 32. Qg4 Qd7 33. Qg3 Qf5 34. Re8+ Rxe8 35. Bxf5 gxf5 36. Bf4+ Kf7 37. Bxb8 1-0

[Event "28th Hit Open-A 2024"]
[Site "Nova Gorica"]
[Date "2024.02.01"]
[Round "8.20"]
[White "Markocic, Tine"]
[Black "Davies, Nigel R"]
[Result "1/2-1/2"]
[ECO "C41"]
[WhiteElo "2055"]
[BlackElo "2349"]
[Annotator "ChessBase"]
[PlyCount "117"]
[EventDate "2024.01.22"]
[EventType "swiss"]
[EventCountry "SLO"]
[SourceTitle "playchess.com"]
[Source "ChessBase"]
[SourceQuality "1"]
[TimeControl "5400+30"]

1. e4 d6 2. d4 Nf6 3. Nc3 e5 4. Nf3 Nbd7 5. Bc4 Be7 6. O-O O-O 7. Re1 c6 8. a4 b6 9. Bg5 a6 10. Bxf6 Bxf6 11. d5 c5 12. Bf1 g6 13. Nd2 Bg7 14. Nc4 Qc7 15. Rb1 Rb8 16. b4 Bf6 17. bxc5 Nxc5 18. Rb2 Bd7 19. Qa1 b5 20. axb5 axb5 21. Na3 b4 22. Nab5 bxc3 23. Nxc7 cxb2 24. Qb1 Na4 25. c4 Nc3 26. Qc2 b1=Q 27. Rxb1 Nxb1 28. Nb5 Bxb5 29. cxb5 Na3 30. Qb3 Nxb5 31. Bxb5 Rfc8 32. g3 Rc5 33. Qf3 Kg7 34. Bc6 Rb2 35. Be8 h5 36. Qa3 Rb8 37. Bd7 Bd8 38. Kg2 Ba5 39. h3 Kf8 40. Qe3 Kg7 41. Qa3 Rb7 42. Bc6 Rb4 43. Qf3 Rb8 44. Qa3 Rc8 45. Bd7 R8c7 46. Bc6 Ra7 47. Be8 Kf8 48. Bc6 Bb6 49. Qb3 Bc7 50. g4 hxg4 51. hxg4 Rca5 52. Qh3 Kg7 53. g5 Bb6 54. Qh6+ Kg8 55. Be8 Ra2 56. Bxf7+ Rxf7 57. Qxg6+ Rg7 58. Qe8+ Kh7 59. Qh5+ 1/2-1/2

[Event "28th Hit Open-A 2024"]
[Site "Nova Gorica"]
[Date "2024.02.01"]
[Round "8.21"]
[White "Rigatti, Giorgio"]
[Black "Ongut, Tamas Gunes"]
[Result "0-1"]
[ECO "B43"]
[WhiteElo "1749"]
[BlackElo "2310"]
[Annotator "ChessBase"]
[PlyCount "82"]
[EventDate "2024.01.22"]
[EventType "swiss"]
[EventCountry "SLO"]
[SourceTitle "playchess.com"]
[Source "ChessBase"]
[SourceQuality "1"]
[TimeControl "5400+30"]

1. e4 c5 2. Nf3 e6 3. d4 cxd4 4. Nxd4 a6 5. Nc3 Qc7 6. g3 Bb4 7. Bd2 Nf6 8. Bg2 Qc4 9. Nde2 d6 10. O-O O-O 11. a3 Ba5 12. Bg5 Qc7 13. h3 Nbd7 14. Be3 Ne5 15. b4 Bb6 16. Bxb6 Qxb6 17. Qd4 Qc7 18. f4 Nc4 19. g4 e5 20. Qf2 exf4 21. Nxf4 Be6 22. g5 Nd7 23. Ncd5 Qd8 24. h4 Nde5 25. Qd4 Bg4 26. Nd3 Rc8 27. Rf4 Be6 28. Raf1 Ng6 29. Rf6 Bxd5 30. exd5 gxf6 31. h5 Nge5 32. Rxf6 Nd7 33. Qf4 Qb6+ 34. Kh1 Qe3 35. Qf5 Nxf6 36. gxf6 Kh8 37. Be4 Qh6 38. Nf2 Ne5 39. Kg2 Rg8+ 40. Kh3 Rc3+ 41. Kh4 Ng6+ 0-1